 Dungeon Sprint DCSS version 0.18-a0-1350-g404b4cb (webtiles) character file.

1515 Kidiri the Covert (level 8, 0/42 HPs)
             Began as a Spriggan Enchanter on Feb 18, 2016.
             Shot with a bolt of frost by a yaktaur (4 damage)
             ... in the Dungeon (Sprint II: "The Violet Keep of Menkaure").
             The game lasted 00:05:09 (833 turns).

Kidiri the Covert (Spriggan Enchanter)               Turns: 833, Time: 00:05:10

Health: 0/42       AC:  3    Str:  4    XL:     8   Next: 53%
Magic:  0/22       EV: 27    Int: 21    God:
Gold:   364        SH:  0    Dex: 17    Spells: 9 memorised, 3 levels left

rFire  . . .     SeeInvis +     f - +4 dagger of Action {flame, rC+ Int+3}
rCold  + . .     Gourm    .     b - +1 robe
rNeg   . . .     Faith    .     (shield restricted)
rPois  .         Spirit   .     (helmet restricted)
rElec  .         Dismiss  .     (no cloak)
rCorr  .         Reflect  .     (gloves unavailable)
SustAt .         Harm     .     (boots unavailable)
MR     +....     NoTele   +     (no amulet)
Stlth  ++++++....               (no ring)
                                (no ring)

@: very slightly contaminated, very quick, somewhat resistant to hostile
enchantments, very stealthy
A: unfitting armour, see invisible, herbivore 3, speed 3, slow metabolism 2
a: no special abilities


You were in the Dungeon.
You were not hungry.

You visited 1 branch You collected 972 gold pieces.
You spent 608 gold pieces at shops.

Inventory:

Hand Weapons
 a - a +1 dagger
 f - the +4 dagger of Action (weapon) {flame, rC+ Int+3}
   (You bought it in a shop in the Dungeon)

   It has been specially enchanted to burn those struck by it, causing extra
   injury to most foes and up to half again as much damage against particularly
   susceptible opponents.
   It affects your intelligence (+3).
   It protects you from cold.
Armour
 b - a +1 robe (worn)
Scrolls
 j - a scroll of blinking
Potions
 e - a potion of curing
 g - a potion of haste
 h - 2 potions of magic
Books
 c - a book of Maledictions

   Spells                             Type                      Level
   a - Corona                         Hexes                        1
   b - Ensorcelled Hibernation        Hexes/Ice                    2
   c - Confuse                        Hexes                        3
   d - Tukima's Dance                 Hexes                        3
   e - Dazzling Spray                 Conjuration/Hexes            3
 i - a Young Poisoner's Handbook

   Spells                             Type                      Level
   a - Sting                          Conjuration/Poison           1
   b - Cure Poison                    Poison                       2
   c - Mephitic Cloud                 Conjuration/Poison/Air       3
   d - Olgreb's Toxic Radiance        Poison                       4
   e - Venom Bolt                     Conjuration/Poison           5
Comestibles
 d - a bread ration


   Skills:
 + Level 4.5 Fighting
 * Level 8.7 Short Blades
 + Level 4.0 Armour
 * Level 11.5 Dodging
 * Level 12.6 Stealth
 * Level 9.8 Spellcasting
 + Level 2.6 Conjurations
 + Level 7.5 Hexes
 + Level 2.7 Ice Magic


You had 3 spell levels left.
You knew the following spells:

 Your Spells              Type           Power        Failure   Level  Hunger
a - Corona                Hex            #####..      1%          1    None
b - Ensorcelled Hibernat  Hex/Ice        ####..       1%          2    None
c - Confuse               Hex            #####...     1%          3    None
d - Tukima's Dance        Hex            #####...     1%          3    None
e - Dazzling Spray        Conj/Hex       ####....     2%          3    None
f - Sting                 Conj/Pois      ###.         4%          1    None
g - Cure Poison           Pois           ##........   12%         2    None
h - Mephitic Cloud        Conj/Pois/Air  ##......     17%         3    None
i - Venom Bolt            Conj/Pois      ###.......   93%         5    ####...


Dungeon Overview and Level Annotations

Branches:
Dungeon (1/1)

Altars:
Fedhas
Gozag
Kikubaaqudgha
Makhleb
Nemelex Xobeh
Pakellas
Qazlal
Ru
Sif Muna
Trog
Vehumet
Xom
Yredelemnul
Zin
The Shining One
Beogh
Lugonu

Shops:
D ?::==[*!}!%[(=[(

Annotations:
D exclusion: oklob plant, Kirke


Innate Abilities, Weirdness & Mutations

You are tiny and cannot use many weapons and most armour.
You have supernaturally acute eyesight.
You are an herbivore.
You cover ground extremely quickly.
You need consume almost no food.


Message History

Casting: Dazzling Spray
Confirm with . or Enter, or press ? or * to list all spells.
Okay, then.
Unknown command.
Casting: Dazzling Spray
Confirm with . or Enter, or press ? or * to list all spells.
You are no longer poisoned.
The polar bear misses you. x2; The polar bear claws you.
Unknown command.
Casting: Cure Poison
Confirm with . or Enter, or press ? or * to list all spells.
Aiming: Confuse
Press: ? - help, Shift-Dir - straight line, f - polar bear
Aim: a polar bear (moderately wounded, chance to defeat MR: 68%)
The polar bear appears confused.
The yaktaur wields an arbalest.
The yaktaur shoots a bolt of frost.
The bolt of frost hits you!!
Ouch! That really hurt!
* * * LOW HITPOINT WARNING * * *
The bolt of frost freezes you.
You die...

.....# +##..# #.##.####
+.### #..# ...# ...# ##
.#####..## #..# $#
'###.##..# +..# c#
.##...#..# #..# †#
<.'.#.'..####..##†# !
%##.).#....###..@##▓▓▓▓
'###.##...§..≈≈≈≈≈≈≈≈≈≈≈
#.####≈≈.§§§§≈#+########
#..#§≈≈≈≈≈≈§.≈#....._._#
..##≈≈≈§≈≈§§§≈#...._._.#
'##≈≈≈≈§§§≈§≈≈#..._._._#
≈≈≈≈≈≈§§§≈§≈≈≈#.._._._.#
#+++#≈§§§§≈≈§≈#._._._._#
..§ ##≈§§###≈≈#.._._._.


You could see a yaktaur.

Vanquished Creatures
  A siren (D)
  2 polar bears (D)
  2 boulder beetles (D)
  A vampire mosquito (D)
  A wasp (D)
  4 necrophages (D)
  A crocodile (D)
  4 worker ants (D)
16 creatures vanquished.

Vanquished Creatures (others)
  Menkaure (D)
  A crocodile (D)
2 creatures vanquished.

Grand Total: 18 creatures vanquished

Notes
Turn   | Place    | Note
--------------------------------------------------------------
     0 | D        | Kidiri the Spriggan Enchanter began the quest for the Orb.
     0 | D        | Reached XP level 1. HP: 9/9 MP: 5/5
     1 | D        | Noticed a necrophage
     1 | D        | Noticed a necrophage
     1 | D        | Noticed a necrophage
     1 | D        | Noticed a necrophage
     8 | D        | Killed a necrophage
     8 | D        | Reached skill level 1 in Fighting
     8 | D        | Reached skill level 1 in Armour
     8 | D        | Reached skill level 6 in Dodging
     8 | D        | Reached skill level 7 in Stealth
     8 | D        | Reached XP level 2. HP: 12/14 MP: 5/8
     8 | D        | Reached XP level 3. HP: 15/18 MP: 6/10
     8 | D        | Reached XP level 4. HP: 18/22 MP: 6/11
    13 | D        | Killed a necrophage
    13 | D        | Reached skill level 8 in Stealth
    13 | D        | Reached skill level 5 in Spellcasting
    13 | D        | Reached skill level 5 in Hexes
    13 | D        | Reached XP level 5. HP: 16/26 MP: 7/14
    18 | D        | Killed a necrophage
    18 | D        | Reached skill level 5 in Short Blades
    18 | D        | Reached skill level 9 in Stealth
    21 | D        | Killed a necrophage
    21 | D        | Reached XP level 6. HP: 19/32 MP: 7/17
    32 | D        | Learned a level 2 spell: Ensorcelled Hibernation
    36 | D        | Learned a level 3 spell: Confuse
    40 | D        | Learned a level 3 spell: Tukima's Dance
    44 | D        | Learned a level 3 spell: Dazzling Spray
    95 | D        | Killed Menkaure
   210 | D        | Noticed a boulder beetle
   210 | D        | Noticed a boulder beetle
   214 | D        | Noticed a siren
   220 | D        | Reached skill level 10 in Stealth
   252 | D        | Killed a siren
   252 | D        | Reached skill level 10 in Dodging
   252 | D        | Reached skill level 11 in Stealth
   252 | D        | Reached skill level 1 in Conjurations
   252 | D        | Reached skill level 1 in Ice Magic
   252 | D        | Reached XP level 7. HP: 20/37 MP: 4/19
   416 | D        | Killed a boulder beetle
   649 | D        | Killed a boulder beetle
   659 | D        | Noticed an ice statue
   662 | D        | Noticed Kirke
   662 | D        | Noticed a skeletal warrior
   662 | D        | Noticed a kobold demonologist
   663 | D        | Reached XP level 8. HP: 42/42 MP: 20/22
   678 | D        | Noticed a flying skull
   678 | D        | Noticed a flying skull
   679 | D        | Noticed a flying skull
   679 | D        | Noticed a flying skull
   679 | D        | Noticed a flying skull
   680 | D        | Noticed a flying skull
   680 | D        | Noticed a flying skull
   680 | D        | Noticed a flying skull
   680 | D        | Noticed a flying skull
   680 | D        | Noticed a flying skull
   683 | D        | Found Xeag's Weapon Shop.
   684 | D        | Found Afyshaq's Jewellery Shop.
   684 | D        | Found Hoczaf's Antique Weapon Boutique.
   684 | D        | Found Saiderche's Antique Armour Boutique.
   693 | D        | Reached skill level 12 in Stealth
   696 | D        | Found Ene Taej's Distillery.
   696 | D        | Found Nouhel's Gadget Shop.
   698 | D        | Found Osuata's Food Shop.
   698 | D        | Found Ismey's Antique Armour Shop.
   699 | D        | Found Gykiefizog's General Store.
   699 | D        | Found Myes Xah's Antique Armour Boutique.
   699 | D        | Found Lifukh's Distillery.
   701 | D        | Found Madgh's Jewellery Shop.
   702 | D        | Found Laot's Jewellery Boutique.
   702 | D        | Found Zilaups's Book Shop.
   702 | D        | Noticed an oklob plant
   703 | D        | Found Dokku's Book Shoppe.
   703 | D        | Found Ynipur's Magic Scroll Boutique.
   704 | D        | Noticed a death yak
   707 | D        | Noticed a slime creature
   708 | D        | Noticed a slime creature
   709 | D        | Noticed a slime creature
   740 | D        | Bought an ichor-stained dagger for 168 gold pieces
   741 | D        | Identified the +4 dagger of Action {flame, rC+ Int+3} (You bought it in a shop in the Dungeon)
   745 | D        | Bought a Young Poisoner's Handbook for 440 gold pieces
   749 | D        | Learned a level 3 spell: Mephitic Cloud
   752 | D        | Learned a level 2 spell: Cure Poison
   758 | D        | Learned a level 5 spell: Venom Bolt
   760 | D        | Learned a level 1 spell: Sting
   799 | D        | Found a corrupted altar of Lugonu.
   800 | D        | Found an opulent altar of Gozag.
   801 | D        | Found a radiant altar of Vehumet.
   801 | D        | Found a glowing silver altar of Zin.
   801 | D        | Found an oddly glowing altar of Pakellas.
   802 | D        | Found a shimmering altar of Xom.
   802 | D        | Found a burning altar of Makhleb.
   802 | D        | Found a basalt altar of Yredelemnul.
   803 | D        | Found a glowing golden altar of the Shining One.
   803 | D        | Found a sacrificial altar of Ru.
   803 | D        | Found a stormy altar of Qazlal.
   804 | D        | Found a bloodstained altar of Trog.
   804 | D        | Found a deep blue altar of Sif Muna.
   805 | D        | Found a sparkling altar of Nemelex Xobeh.
   805 | D        | Found a blossoming altar of Fedhas.
   805 | D        | Found a roughly hewn altar of Beogh.
   805 | D        | Found an ancient bone altar of Kikubaaqudgha.
   805 | D        | Noticed a polar bear
   806 | D        | Noticed a yaktaur
   810 | D        | Noticed a polar bear
   810 | D        | Killed a polar bear
   810 | D        | Noticed a polar bear
   823 | D        | Killed a polar bear
   833 | D        | Shot with a bolt of frost by a yaktaur

Vault maps used:
D:        the_violet_keep_of_menkaure

Action                   |  1- 3 |  4- 6 |  7- 9 || total
-------------------------+-------+-------+-------++-------
Melee: Dagger            |     5 |    18 |    34 ||    57
 Cast: Ensorcelled Hiber |       |     2 |     2 ||     4
       Tukima's Dance    |       |     2 |       ||     2
       Dazzling Spray    |       |       |     5 ||     5
       Confuse           |       |       |     7 ||     7
       Cure Poison       |       |       |     1 ||     1
  Use: Potion            |     1 |     1 |       ||     2
 Stab: Sleeping          |       |     4 |     3 ||     7
       Confused          |       |       |     3 ||     3
